 Dungeon Crawl Stone Soup version 0.26.0-15-gc6cd9f700b (webtiles) character file.

Game seed: 5885548898825528526

394 jackrogers the Slasher (level 6, 0/52 HPs)
             Began as a Gargoyle Gladiator on Jan 17, 2021.
             Slain by a hound (2 damage)
             ... on level 4 of the Dungeon.
             The game lasted 00:03:21 (4003 turns).

jackrogers the Slasher (Gargoyle Gladiator)         Turns: 4003, Time: 00:03:22

Health: 0/52       AC: 23    Str: 16 (19) XL:     6   Next: 82%
Magic:  6/6        EV:  2    Int:  6 (9)  God:
Gold:   139        SH:  0    Dex:  9 (11) Spells: 5/5 levels left

rFire    . . .     SeeInvis .   a - +0 long sword
rCold    . . .     Faith    .   (no shield)
rNeg     + + +     Spirit   .   (armour currently unavailable)
rPois    ∞         Reflect  .   (helmet currently unavailable)
rElec    .         Harm     .   (cloak currently unavailable)
rCorr    .         Rampage  .   (gloves currently unavailable)
Will     .....     NoTele   +   (boots currently unavailable)
Stlth    +.........             j - amulet of the acrobat
HPRegen  0.17/turn              (no ring)
MPRegen  0.10/turn              (no ring)

@: mighty, tree-form, very slightly contaminated, invisible
A: negative energy resistance 1, petrification resistance, miasma immunity, AC
+4
a: no special abilities


You were on level 4 of the Dungeon.
You were a tree.
You visited 1 branch of the dungeon, and saw 4 of its levels.

You collected 139 gold pieces.

Inventory:

Hand Weapons
 a - a +0 long sword (weapon)
Missiles
 d - 3 throwing nets {=f, !d}
Armour
 b - a +0 leather armour (melded)
 c - a +0 helmet (melded)
Jewellery
 j - an amulet of the acrobat (around neck)
   (You found it on level 3 of the Dungeon)
Scrolls
 f - 2 scrolls of remove curse
 h - a scroll of amnesia
Potions
 e - 2 potions of lignification {!q}
 i - 2 potions of flight


   Skills:
 - Level 2.1 Fighting
 + Level 6.8 Long Blades
 - Level 1.7 Throwing
 - Level 2.4 Dodging


You had 5 spell levels left.
You didn't know any spells.
Your spell library was empty.

Dungeon Overview and Level Annotations

Branches:
Dungeon (4/15)
 Temple: D:4-7

Altars:
Hepliaklqana
Nemelex Xobeh
Xom
Yredelemnul


Innate Abilities, Weirdness & Mutations

You are resistant to torment.
((Your stone body is resilient. (AC +4)))
You are immune to poison.
You resist negative energy. (rN+)
((You are resistant to electric shocks. (rElec)))
((You can survive without breathing.))
You are immune to petrification.
You are immune to miasma.


Message History

The orc wizard hits you but does no damage.
An orc comes into view. It is wielding a +0 dagger.
Spoiler Alert: The orc wizard might cast Slow, Confuse, Throw Flame, Throw Frost, or go Invisible!
You hit the orc wizard. The hound bites you but does no damage.
The scorpion stings you. The hound bites you but does no damage.
The iguana bites you but does no damage.
The orc wizard hits you but does no damage.
Spoiler Alert: The orc wizard might cast Slow, Confuse, Throw Flame, Throw Frost, or go Invisible!
You closely miss the iguana. The hound bites you but does no damage.
The scorpion stings you.
The iguana bites you but does no damage.
The orc wizard casts a spell at itself.
The orc wizard flickers and vanishes!
Deactivating autopickup; reactivate with Ctrl-A.
The hound bites you but does no damage.
You miss something.
You feel less confused.
The scorpion stings you but does no damage.
The hound bites you but does no damage.
The iguana bites you but does no damage.
Something hits you but does no damage.
You completely miss something. The hound bites you but does no damage.
The scorpion stings you but does no damage.
The iguana bites you but does no damage.
Something hits you but does no damage. The hound bites you.
You miss something.
The scorpion stings you but does no damage.
The hound completely misses you.
You riposte.
You hit the hound but do no damage.
The iguana bites you but does no damage.
The orc barely misses you. Something hits you but does no damage.
You closely miss something. The hound bites you but does no damage.
The scorpion stings you but does no damage.
The iguana bites you but does no damage.
The orc hits you but does no damage. Something hits you but does no damage.
The hound bites you.
You slash something! The hound bites you but does no damage.
The scorpion stings you but does no damage.
The iguana bites you. The orc hits you but does no damage.
Something hits you but does no damage. The hound completely misses you.
You riposte.
You hit the hound. The scorpion stings you.
* * * LOW HITPOINT WARNING * * *
You miss something.
The iguana bites you but does no damage.
The orc hits you but does no damage. Something hits you but does no damage.
An orc comes into view. It is wielding a +0 dagger.
The hound bites you.
* * * LOW HITPOINT WARNING * * *
The scorpion stings you.
* * * LOW HITPOINT WARNING * * *
The iguana bites you but does no damage.
It was a potion of degeneration.
There was something very wrong with that liquid.
You feel weakened.
You feel dopey.
You feel clumsy. The hound bites you but does no damage.
The orc hits you but does no damage.
You hear some strange, mumbled words.
A magic dart appears from out of thin air!
The magic dart hits you but does no damage.
The hound bites you but does no damage.
The scorpion stings you but does no damage.
The iguana bites you but does no damage.
It was a potion of invisibility.
You fade into invisibility!
The orc hits you but does no damage. Something hits you but does no damage.
The hound barely misses you.
The scorpion stings you but does no damage.
The iguana bites you.
* * * LOW HITPOINT WARNING * * *
You are very lightly contaminated with residual magic.
It was a potion of might.
You feel very mighty all of a sudden. The hound completely misses you.
The orc hits you but does no damage. Something hits you but does no damage.
The hound bites you but does no damage. The scorpion completely misses you.
The iguana barely misses you.
You closely miss something. The orc hits you but does no damage.
Something hits you but does no damage. The hound barely misses you.
You riposte.
You closely miss the hound.
The iguana bites you but does no damage.
The orc hits you but does no damage.
You closely miss something. The hound bites you but does no damage.
Something hits you but does no damage. The hound bites you but does no damage.
The scorpion stings you but does no damage.
The iguana bites you.
* * * LOW HITPOINT WARNING * * *
The orc hits you but does no damage. Something hits you but does no damage.
The orc shouts!
You slash something!
Reactivating autopickup.
You feel a bit more experienced. The hound bites you but does no damage.
The orc hits you but does no damage. The hound bites you but does no damage.
You hit the iguana. The hound bites you but does no damage.
The iguana bites you.
* * * LOW HITPOINT WARNING * * *
The orc hits you but does no damage.
You hit the iguana. The hound bites you but does no damage.
The iguana bites you but does no damage.
The orc hits you but does no damage. The hound bites you.
You die...

##......##.....###......
.......#............<# .
.............#.......###<.
#.........#..###..#..#..#
.........##..###........#
..........##.##.........#.
.............###..........
#...........###.)ls†......
................♣ho.......
..##...........##o###.....
.# ##........#.##.# .....
#.......##.##.. ....
.........# ##... ....
.......... ..... ...
#..... ##.....


You could see a scorpion, an iguana, a hound and 2 orcs.

Vanquished Creatures
  An ice beast (D:3)
  An orc wizard (D:4)
  2 worker ants
  11 adders
  A gnoll (D:1)
  A howler monkey skeleton (D:4)
  A white imp (D:3)
  3 oozes
  4 worms
  2 dart slugs
  2 leopard geckos (D:1)
  2 orcs (D:3)
  8 bats
  5 giant cockroaches
  2 gnoll zombies (D:2)
  8 goblins
  9 hobgoblins
  4 jackals (D:3)
  2 frilled lizards (D:1)
  4 kobolds
  8 rats
81 creatures vanquished.

Vanquished Creatures (others)
  4 toadstools (D:1)
4 creatures vanquished.

Grand Total: 85 creatures vanquished

Notes
Turn   | Place    | Note
-------+----------+-------------------------------------------
     0 | D:1      | jackrogers the Gargoyle Gladiator began the quest for the
                  | Orb.
     0 | D:1      | Reached XP level 1. HP: 12/12 MP: 1/1
    77 | D:1      | HP: 3/12 [dart slug/slug dart (6)]
    83 | D:1      | Reached skill level 3 in Long Blades
   362 | D:1      | Reached XP level 2. HP: 17/17 MP: 2/2
   989 | D:1      | Reached XP level 3. HP: 21/21 MP: 3/3
  1035 | D:1      | Reached skill level 4 in Long Blades
  1754 | D:2      | Found a basalt altar of Yredelemnul.
  1844 | D:3      | Reached XP level 4. HP: 21/26 MP: 4/4
  2074 | D:3      | HP: 5/26 [orc/+2 vorpal flail (2)]
  2449 | D:3      | Reached skill level 5 in Long Blades
  2449 | D:3      | Reached XP level 5. HP: 22/30 MP: 5/5
  3007 | D:3      | Noticed an ice beast
  3030 | D:3      | Killed an ice beast
  3031 | D:3      | Reached skill level 6 in Long Blades
  3031 | D:3      | Reached XP level 6. HP: 17/35 MP: 6/6
  3210 | D:3      | Found a hazy altar of Hepliaklqana.
  3897 | D:4      | Found a shimmering altar of Xom.
  3909 | D:4      | Found a sparkling altar of Nemelex Xobeh.
  3994 | D:4      | HP: 11/52 [scorpion (6)]
  3997 | D:4      | HP: 5/52 [iguana (1)]
  4002 | D:4      | HP: 2/52 [iguana (2)]
  4003 | D:4      | Slain by a hound

Illustrated notes

Levels and vault maps discovered:
D:1:      ldierk_water_garden, layout_basic, minmay_tromino_v4_c
D:2:      layout_rooms, lemuel_zombie_altar_yredelemnul
D:3:      minmay_razor_zed, layout_loops_corners, lemuel_coloured_pillars_altar
D:4:      layout_cave_pools, amethyst_overflow_temple_binary

Skill      XL: |  1  2  3  4  5 |
---------------+----------------+-----
Long Blades    | 3 4 5 6 |  6.8
Fighting       | |  2.1
Throwing       | |  1.7
Dodging        | |  2.4

Action                   |  1- 3 |  4- 6 || total
-------------------------+-------+-------++-------
Melee: Long sword        |    97 |   186 ||   283
  Use: Scroll            |     5 |     2 ||     7
       Potion            |       |     4 ||     4
Armor: Leather armour    |    44 |    65 ||   109
       Skin              |       |    62 ||    62
Dodge: Dodged            |    67 |   146 ||   213
       Rpst.: Long sword |    21 |    40 ||    61

Table legend: (Time is in decaauts)
 A = Elapsed time spent in this place.
 B = Non-inter-level travel time spent in this place.
 C = Inter-level travel time spent in this place.
 D = Time resting spent in this place.
 E = Time spent auto-exploring this place.
 F = Levels seen in this place.
 G = Mean time per level.
                   A        B        C        D        E       F      G
               +--------+--------+--------+--------+--------+-----+--------+
         Total |   4048 |   3989 |     59 |   1014 |   2411 |   4 | 1012.0 |
       Dungeon |   4048 |   3989 |     59 |   1014 |   2411 |   4 | 1012.0 |
               +--------+--------+--------+--------+--------+-----+--------+

Top non-repeatable levels by time:
     D:3: 1996 daAuts
     D:1: 1252 daAuts
     D:2: 607 daAuts
     D:4: 192 daAuts

Table legend:
 A = Kills in this place as a percentage of kills in entire the game.
 B = Kills by you in this place as a percentage of kills by you in the entire game.
 C = Kills by friends in this place as a percentage of kills by friends in the entire game.
 D = Other kills in this place as a percentage of other kills in the entire game.
 E = Experience gained in this place as a percentage of experience gained in the entire game.
 F = Experience gained in this place divided by the number of levels of this place that you have seen.
                   A       B       C       D       E      F
               +-------+-------+-------+-------+-------+----------------------
         Total | 100.0 | 100.0 |   N/A |   N/A | 100.0 | 141.0
       Dungeon | 100.0 | 100.0 |   N/A |   N/A | 100.0 | 141.0
               +-------+-------+-------+-------+-------+----------------------
